 Dungeon Crawl Stone Soup version 0.29.1 (webtiles) character file.

Game seed: 7825281339308452796

2272 smilodon the Ducker (level 9, -3/60 (64) HPs)
             Began as a Demonspawn Fighter on Sept 12, 2022.
             Was a Believer of Makhleb.
             Slain by a wight
             ... wielding a +3 halberd
              (8 damage)
             ... on level 7 of the Dungeon.
             The game lasted 00:13:10 (8983 turns).

smilodon the Ducker (Demonspawn Fighter)            Turns: 8983, Time: 00:13:11

HP:   -3/60 (64)    AC:  7    Str: 21      XL:     9   Next: 16%
MP:   9/9           EV: 11    Int:  7 (9)  God:    Makhleb [**....]
Gold: 416           SH:  5    Dex: 12 (13) Spells: 8/8 levels left

rFire   . . .      SeeInvis .   h - +2 war axe (freeze)
rCold   . . .      Faith    .   c - +0 buckler
rNeg    . . .      Spirit   .   b - +0 scale mail
rPois   .          Reflect  .   (no helmet)
rElec   .          Harm     .   (no cloak)
rCorr   .          Rampage  .   (no gloves)
Will    .....                   (boots unavailable)
Stlth   ..........              (no amulet)
HPRegen 0.20/turn               (no ring)
MPRegen 0.11/turn               (no ring)

@: mighty, lethally poisoned (-3 -> -6), drained
A: hooves 3, ignite blood 1, powered by pain 1
a: Renounce Religion, Minor Destruction


You were on level 7 of the Dungeon.
You worshipped Makhleb.
Makhleb was pleased with you.
You visited 1 branch of the dungeon, and saw 7 of its levels.

You collected 416 gold pieces.

Inventory:

Hand Weapons
 a - a +0 long sword
 h - a +2 war axe of freezing (weapon)
Missiles
 s - 9 poisoned darts
 u - a throwing net (quivered)
 y - 2 javelins
Armour
 b - a +0 scale mail (worn)
 c - a +0 buckler (worn)
Jewellery
 j - a +6 ring of dexterity
 l - a ring of see invisible
 o - an amulet of regeneration
Scrolls
 k - a scroll of magic mapping
 m - a scroll of enchant armour
 p - a scroll of torment
 q - a scroll of immolation
 t - 2 scrolls of enchant weapon
Potions
 e - 2 potions of brilliance
 f - a potion of cancellation {unknown}
 g - a potion of resistance
 i - a potion of lignification {unknown}


   Skills:
 - Level 3.3 Fighting
 - Level 2.2 Long Blades
 * Level 6.1 Axes
 + Level 5.2 Armour
 * Level 6.1 Dodging
 + Level 5.3 Shields
 + Level 1.1 Invocations


You had 8 spell levels left.
You didn't know any spells.
Your spell library contained the following spells:

 Spells                   Type           Power      Damage    Failure   Level
 Conjure Ball Lightning   Conj/Air       0%         3x3d6     100%        6
 Discord                  Hex            0%         N/A       100%        8
 Disjunction              Tloc           0%         N/A       100%        8


Dungeon Overview and Level Annotations

Branches:
Dungeon (7/15)
 Temple: D:4-7

Altars:
Ashenzari
Dithmenos
Makhleb
Nemelex Xobeh
Trog
Wu Jian


Innate Abilities, Weirdness & Mutations

You have hooves in place of feet.
Your demonic aura sometimes causes spilled blood to erupt in flames.
You sometimes gain a little power by taking damage.


Message History

The scorpion is severely wounded.
You slash the kobold! You freeze the kobold.
You kill the kobold!
Makhleb accepts your kill. The scorpion misses you.
The wight hits you from afar with a +3 halberd!
You feel drained. The scorpion closely misses you.
Things that are here:
a +0 club; a kobold corpse The scorpion stings you.
You are poisoned.
The scorpion poisons you!
You hit the scorpion but do no damage.
You kick the scorpion, but do no damage.
The scorpion is heavily wounded.
You feel very sick. The scorpion closely misses you.
The wight hits you from afar with a +3 halberd!
The scorpion barely misses you.
Okay, then.
You hit the scorpion. You freeze the scorpion. You kick the scorpion.
You kill the scorpion!
Makhleb accepts your kill.
You feel sick. The wight closely misses you.
The wight hits you from afar with a +3 halberd!
You feel drained.
* * * LOW HITPOINT WARNING * * *
Your Invocations skill increases to level 1!
Okay, then.
You feel very mighty all of a sudden.
You feel sick. You block the kobold brigand's attack.
The wight hits you from afar with a +3 halberd.
* * * LOW HITPOINT WARNING * * *
You feel drained.
You closely miss the kobold brigand. Your kick misses the kobold brigand.
You feel sick.
The kobold brigand hits you with a +0 short sword.
* * * LOW HITPOINT WARNING * * *
The wight hits you from afar with a +3 halberd!
You die...

...##.# #....
########...#.# #....
#.....K......# #....
#....)#z#...#.# #>#.#
....KzK#)......# ##.#..
.....zK#K##.#..#####....#
##..K.##zK#.#...........#
.....# #K#†..########.#.#
..... #@##.## #.##. .....
#.##.# #.###
####.#########.# #
#............#
##.#########.# ### #.#
#.# #.# . #.# .


You could see a kobold brigand, 2 wights and 3 kobolds.

Vanquished Creatures
  Edmund (D:5)
  2 water moccasins (D:5)
  An orc warrior (D:7)
  A sky beast (D:7)
  A black bear (D:6)
  An ice beast (D:5)
  An ogre (D:5)
  A phantom (D:4)
  A bullfrog (D:7)
  A gnoll sergeant (D:5)
  3 scorpions
  2 wights (D:7)
  A jelly (D:5)
  A gnoll bouda (D:6)
  2 hounds
  4 orc priests
  2 iguanas
  Natasha (twice) (D:3)
  13 orc wizards
  9 gnolls
  7 adders
  2 shadow imps
  2 white imps
  2 ufetubi
  4 worms
  3 dart slugs
  32 orcs
  10 ball pythons
  6 endoplasms
  5 giant cockroaches
  8 goblins
  6 hobgoblins
  8 jackals
  10 kobolds
  6 quokkas
  8 bats
  7 frilled lizards
  7 rats
183 creatures vanquished.

Notes
Turn   | Place    | Note
-------+----------+-------------------------------------------
     0 | D:1      | smilodon the Demonspawn Fighter began the quest for the
                  | Orb.
     0 | D:1      | Reached XP level 1. HP: 18/18 MP: 1/1
   129 | D:1      | Gained mutation: You have large cloven feet. [demonic
                  | ancestry]
   129 | D:1      | Reached XP level 2. HP: 21/24 MP: 2/2
   710 | D:1      | Reached XP level 3. HP: 14/29 MP: 3/3
  1363 | D:2      | Identified the +0 ring mail of Fallacy {rCorr MP+9}
  1482 | D:2      | Reached skill level 1 in Axes
  1537 | D:2      | Gained mutation: Your demonic aura sometimes causes spilled
                  | blood to erupt in flames. [demonic ancestry]
  1537 | D:2      | Reached XP level 4. HP: 34/35 MP: 4/4
  1547 | D:2      | Reached skill level 1 in Dodging
  2758 | D:3      | Found a faded altar of an unknown god.
  2914 | D:3      | Found a burning altar of Makhleb.
  3186 | D:3      | Noticed Natasha
  3189 | D:3      | Killed Natasha
  3190 | D:3      | Gained mutation: You sometimes gain a little power by
                  | taking damage. [demonic ancestry]
  3190 | D:3      | Reached XP level 5. HP: 37/41 MP: 5/5
  3200 | D:3      | Noticed Natasha
  3204 | D:3      | Killed Natasha
  3362 | D:3      | Became a worshipper of Makhleb the Destroyer
  3399 | D:4      | Noticed a phantom
  3412 | D:4      | Killed a phantom
  3413 | D:4      | Gained mutation: You have hoof-like feet. [demonic
                  | ancestry]
  3413 | D:4      | Reached XP level 6. HP: 17/47 MP: 6/6
  4033 | D:4      | Found a sparkling altar of Nemelex Xobeh.
  4124 | D:5      | Entered Level 5 of the Dungeon
  4902 | D:5      | Reached * piety under Makhleb
  5224 | D:5      | Noticed a water moccasin
  5236 | D:5      | Killed a water moccasin
  5237 | D:5      | Reached XP level 7. HP: 26/52 MP: 7/7
  5631 | D:5      | Noticed Edmund
  5639 | D:5      | Killed Edmund
  5798 | D:5      | Gained mutation: You have hooves in place of feet. [demonic
                  | ancestry]
  5798 | D:5      | Reached XP level 8. HP: 29/58 MP: 8/8
  6177 | D:5      | Found a broken altar of Ashenzari.
  6682 | D:6      | Found an ornate altar of the Wu Jian Council.
  6850 | D:6      | Reached skill level 5 in Axes
  6850 | D:6      | Reached skill level 5 in Dodging
  7290 | D:6      | Found a shadowy altar of Dithmenos.
  7332 | D:6      | Found a bloodstained altar of Trog.
  7656 | D:7      | Reached ** piety under Makhleb
  7676 | D:7      | Reached skill level 5 in Shields
  7796 | D:7      | Reached skill level 5 in Armour
  8712 | D:7      | Reached XP level 9. HP: 59/61 MP: 9/9
  8982 | D:7      | Reached skill level 1 in Invocations
  8983 | D:7      | Slain by a wight

Illustrated notes

Levels and vault maps discovered:
D:1:      dpeg_arrival_round_c, layout_basic, minmay_heptomino_d4
D:2:      layout_basic, minmay_three_crescents
D:3:      layout_basic, mainiacjoe_overflow_surrounded_room,
          hellmonk_ecumenical_altar_arch_garden, grunt_decor_arrowhead,
          uniq_natasha
D:4:      layout_cave_pools, mainiacjoe_overflow_alcove_2,
          nicolae_elyvilon_peaceful_grove
D:5:      layout_cave_pools, kennysheep_mini_moat, uniq_edmund
D:6:      layout_basic, grunt_dithmenos_smoke_and_mirrors,
          mainiacjoe_overflow_alcove_1, mainiacjoe_overflow_24_doors,
          minmay_misc_feat_enclosed
D:7:      layout_loops_ring, minmay_temple_entry_enclosed_plants, enter_bailey_4

Skill      XL: |  1  2  3  4  5  6  7  8  9 |
---------------+----------------------------+-----
Long Blades    | 2 |  2.2
Armour         | 3 4 5 |  5.2
Shields        | 3 4 5 |  5.3
Axes           | 1 2 3 4 5 6 |  6.1
Dodging        | 1 2 3 4 5 6 |  6.1
Invocations    | 1 |  1.1
Fighting       | |  3.3

Action                   |  1- 3 |  4- 6 |  7- 9 || total
-------------------------+-------+-------+-------++-------
Melee: Long sword        |    50 |       |       ||    50
       Kick              |    16 |    32 |    36 ||    84
       War axe           |    37 |   184 |   163 ||   384
Throw: Dart              |       |       |     5 ||     5
       Throwing net      |       |       |     1 ||     1
  Use: Potion            |     2 |     4 |    10 ||    16
       Scroll            |     4 |     6 |     8 ||    18
Armor: Scale mail        |    49 |    65 |    64 ||   178
Dodge: Dodged            |    39 |    93 |    72 ||   204
Block: Buckler           |    10 |    30 |    33 ||    73
